 Dungeon Crawl Stone Soup version 0.23.2-33-g5129a83184 (webtiles) character file.

Game seed: 18285244787952920179

1268 HEYYEYAAE the Basher (level 8, 0/111 HPs)
             Began as a Troll Berserker on July 1, 2019.
             Was a Priest of Trog.
             Slain by Pikel
             ... wielding a +2 whip of flaming
              (1 damage)
             ... on level 5 of the Dungeon.
             The game lasted 00:04:12 (4174 turns).

HEYYEYAAE the Basher (Troll Berserker)              Turns: 4174, Time: 00:04:12

Health: 0/111      AC:  7    Str: 33    XL:     8   Next: 28%
Magic:  7/7        EV: 10    Int:  3    God:    Trog [***...]
Gold:   225        SH:  0    Dex:  9    Spells: 7/7 levels left

rFire    + . .     SeeInvis +   s - +0 giant club
rCold    . . .     Gourm    +   (shield currently unavailable)
rNeg     . . .     Faith    .   b - +0 animal skin
rPois    .         Spirit   .   (helmet restricted)
rElec    .         Reflect  .   w - +0 cloak
rCorr    .         Harm     .   (gloves unavailable)
MR       .....                  (boots unavailable)
Stlth    ..........             (no amulet)
HPRegen  0.68/turn              m - ring of see invisible
MPRegen  0.10/turn              r - ring of protection from fire

@: berserking (expiring), very quick
A: large, unfitting armour, claws 3, fast metabolism 3, gourmand, regeneration
1, shaggy fur 1, tough skin 3
a: Berserk, Trog's Hand, Renounce Religion


You were on level 5 of the Dungeon.
You worshipped Trog.
Trog was most pleased with you.
You were very full.

You visited 1 branch of the dungeon, and saw 5 of its levels.

You collected 225 gold pieces.

Inventory:

Hand Weapons
 a - a +0 mace
 h - a +1 flail of protection
 s - a +0 giant club (weapon)
 t - a +1 giant spiked club
 u - a +0 mace of pain
 v - a +4 quarterstaff of chaos
Armour
 b - a +0 animal skin (worn)
 w - a +0 cloak (worn)
Jewellery
 m - a ring of see invisible (left claw)
 r - a ring of protection from fire (right claw)
Wands
 k - a wand of digging (4)
 z - a wand of flame (8)
Scrolls
 d - 2 scrolls of magic mapping
 f - a scroll of fog
 j - 3 scrolls of teleportation
 p - a scroll of remove curse
 A - a scroll of enchant weapon
Potions
 e - a potion of heal wounds
 g - 2 potions of curing
 i - a potion of haste
 l - a potion of mutation {unknown}
 n - a potion of might
 o - a potion of lignification {unknown}
 q - a potion of brilliance {unknown}
Comestibles
 c - 14 rations


   Skills:
 - Level 2.4 Fighting
 + Level 9.6 Maces & Flails
 - Level 2.4 Dodging


You had 7 spell levels left.
You didn't know any spells.
Your spell library was empty.

Dungeon Overview and Level Annotations

Branches:
Dungeon (5/15)
 Temple: D:4-7

Altars:
Elyvilon
Okawaru

Annotations:
D:5 Pikel


Innate Abilities, Weirdness & Mutations

You are too large for most types of armour.
You have claws for hands.
Your metabolism is lightning-fast.
You like to eat raw meat.
Your natural rate of healing is unusually fast.
You are covered in fur. (AC +1)
You have extremely tough skin. (AC +3)


Message History

Pikel hits you with a +2 whip of flaming.
* * * LOW HITPOINT WARNING * * *
The slave completely misses you.
You closely miss Pikel.
Pikel is almost dead.
The slave hits you.
* * * LOW HITPOINT WARNING * * *
The slave hits you.
* * * LOW HITPOINT WARNING * * *
You closely miss Pikel.
Pikel is almost dead.
Pikel barely misses you. The slave hits you but does no damage.
The slave closely misses you. The slave hits you.
* * * LOW HITPOINT WARNING * * *
You closely miss Pikel.
Pikel is almost dead.
Pikel hits you with a +2 whip of flaming.
* * * LOW HITPOINT WARNING * * *
Pikel burns you.
You die...

#................................
...###...........................
...# ######......................
...## ##....................
....# #.................. ....#
#................. ....#
#....######....... ....## #..###
###..... .....# #@p# ##.......
.....# #pKp.# #........ .....#
#.....# #........ .....# #......#
#........ .##### .......#
##....... ## #........ #.......
####.....# ##...... ##..###
#...... ##.....


You could see Pikel and 3 slaves.

Vanquished Creatures
  Duvessa (D:4)
  A slave (D:5)
  3 ogres
  2 centaurs (D:5)
  Dowan (D:4)
  A scorpion (D:4)
  A crimson imp (D:5)
  Crazy Yiuf (D:4)
  A bullfrog skeleton (D:5)
  3 hounds
  2 orc priests
  An orc wizard (D:4)
  An iguana (D:4)
  Natasha (thrice) (D:4)
  3 worker ants
  A hound skeleton (D:4)
  8 adders
  3 gnolls (D:2)
  3 oozes
  An adder skeleton (D:4)
  4 worms
  3 leopard geckos
  11 orcs
  6 giant cockroaches
  5 goblins
  2 hobgoblins
  4 jackals (D:1)
  5 quokkas
  10 bats
  9 frilled lizards
  7 kobolds
  6 rats
113 creatures vanquished.

Notes
Turn   | Place    | Note
-------+----------+-------------------------------------------
     0 | D:1      | HEYYEYAAE the Troll Berserker began the quest for the Orb.
     0 | D:1      | Reached XP level 1. HP: 22/22 MP: 0/0
   326 | D:1      | Reached skill level 3 in Maces & Flails
   424 | D:1      | Reached XP level 2. HP: 17/29 MP: 1/1
   836 | D:2      | Reached XP level 3. HP: 36/36 MP: 2/2
   839 | D:2      | Reached skill level 4 in Maces & Flails
   886 | D:2      | Reached ** piety under Trog
  1077 | D:2      | Reached XP level 4. HP: 44/44 MP: 3/3
  1401 | D:2      | Reached skill level 5 in Maces & Flails
  1429 | D:2      | Reached XP level 5. HP: 42/50 MP: 4/4
  1923 | D:3      | Reached *** piety under Trog
  2188 | D:4      | Reached skill level 6 in Maces & Flails
  2256 | D:4      | Noticed Dowan
  2256 | D:4      | Noticed Duvessa
  2261 | D:4      | Killed Dowan
  2261 | D:4      | Reached XP level 6. HP: 59/59 MP: 5/5
  2269 | D:4      | Killed Duvessa
  2272 | D:4      | Reached skill level 7 in Maces & Flails
  2429 | D:4      | Noticed Natasha
  2439 | D:4      | Killed Natasha
  2439 | D:4      | Reached XP level 7. HP: 37/66 MP: 6/6
  2813 | D:4      | Found a runed translucent door.
  2814 | D:4      | Noticed Crazy Yiuf
  2918 | D:4      | Noticed Natasha
  2929 | D:4      | Killed Natasha
  3107 | D:4      | Reached skill level 8 in Maces & Flails
  3229 | D:4      | Killed Crazy Yiuf
  3346 | D:4      | Noticed Natasha
  3351 | D:4      | Killed Natasha
  3431 | D:5      | Entered Level 5 of the Dungeon
  3431 | D:5      | Found an iron altar of Okawaru.
  3463 | D:5      | Found a white marble altar of Elyvilon.
  3746 | D:5      | Reached skill level 9 in Maces & Flails
  3746 | D:5      | Reached XP level 8. HP: 60/74 MP: 7/7
  4151 | D:5      | Noticed Pikel
  4173 | D:5      | HP: 4/111 [slave[Pikel] (4)]
  4174 | D:5      | HP: 1/111 [Pikel/+2 whip of flaming (4)]
  4174 | D:5      | Slain by Pikel

Skill      XL: |  1  2  3  4  5  6  7 |
---------------+----------------------+-----
Maces & Flails | 3 4 5 6 7 9 |  9.6
Fighting       | |  2.4
Dodging        | |  2.4

Action                   |  1- 3 |  4- 6 |  7- 9 || total
-------------------------+-------+-------+-------++-------
Melee: Mace              |    99 |   193 |    51 ||   343
       Giant spiked club |       |       |    43 ||    43
       Giant club        |       |       |    30 ||    30
Invok: Berserk           |     2 |     2 |     4 ||     8
       Trog's Hand       |       |     1 |     1 ||     2
  Use: Potion            |       |     3 |       ||     3
       Scroll            |       |       |    13 ||    13
 Stab: Sleeping          |       |     2 |       ||     2
  Eat: Chunk             |    17 |    16 |    16 ||    49
       Ration            |       |       |     1 ||     1
Armor: Animal skin       |    68 |    95 |    48 ||   211
Dodge: Dodged            |    69 |   128 |    71 ||   268
